Unix NetHack Version 5.0.0-0 post-release - last build May  4 2026 22:22:43 (774f63e81ad911689b3a0859ea89b322d5daca8d,branch:main).

Game began 2026-05-07 15:30:10, ended 2026-05-07 19:51:05.

Eymerich, chaotic male elven Priest

                                             -----
            ---------                        |...|
            |.......|            -------     |....###
            |.......|            |.....-#####|@c>| #########
            |.....<.-#           |.....|    #Mff)| ###############  -------
            -------|-##          |.....|     |..S-##       #########......|
                   ## ##         |.....|     |.{.| #     ------- #  |.....|
                    #  #         |.....-#### ----- #     |.....| ###-.....|
                    #  #         ----.--       +   ######-.....|   #-----.-
                    #  #        ######                   |0...^.####     ###
                    #  ###     ##                        |.....|   #       #
                    #    #  ---.------                   |..`..|   #       ##
                    #    #  |........|                   -------   #        #
          ----------|--- ###...._....|                                      #
          |............|    |........|                                ------.-
          |[...........|    ----------                                |......|
          |............|                                              |......|
          --------------                                              --------

Eymerich the Adept           St:15 Dx:14 Co:16 In:13 Wi:16 Ch:10  Chaotic
Dlvl:9  $:282 HP:0(60) Pw:99(99) AC:-1 Xp:8 T:9930  Stone

Latest messages:
 You are still in a pit.
 You crawl to the edge of the pit.
 The cockatrice falls into a pit!
 You swap places with Smiley.
 In what direction?
 The dart misses the cockatrice.
 In what direction?
 The dart hits the cockatrice.
 In what direction?
 The dart misses the cockatrice.
 The cockatrice climbs out of the pit.
 The cockatrice bites!
 The cockatrice misses!
 The cockatrice just misses!
 The cockatrice misses!
 You hit the cockatrice!
 The elf mummy hits!
 The cockatrice bites!
 The cockatrice touches you!
 You hear the cockatrice's hissing!
 You are slowing down.
 The elf mummy hits!
 The cockatrice bites!
 The cockatrice touches you!
 Smiley misses the elf mummy.
 Your limbs are stiffening.
 You miss the cockatrice.
 The elf mummy misses!
 Smiley bites the elf mummy.
 Smiley misses the elf mummy.
 Your limbs have turned to stone.
 Your movements are now unencumbered.
 The elf mummy hits!
 The cockatrice bites!
 The cockatrice touches you!
 Smiley bites the elf mummy.
 The elf mummy misses Smiley.
 Smiley bites the elf mummy.
 You have turned to stone.
 The elf mummy hits!
 The cockatrice bites!
 The cockatrice touches you!
 Smiley bites the elf mummy.
 The elf mummy misses Smiley.
 Puffa misses the snake.
 Puffa bites the snake.
 The snake bites Puffa.
 You are a statue.
 Do you want your possessions identified? [ynq] (y)
 Do you want to see your attributes? [ynq] (y)

Inventory:
 Coins    ('$')
  $ - 282 gold pieces
 Weapons  (')')
  v - 2 +0 crossbow bolts
  u - a blessed +0 crossbow (alternate weapon; not wielded)
  g - 4 +0 darts (at the ready)
  F - 2 +0 daggers
  P - 2 +0 elven daggers
  y - a +0 orcish spear
  x - a +0 club
  a - a blessed +1 mace (weapon in left hand)
 Armor    ('[')
  n - a +0 dwarvish iron helm (being worn)
  H - a +0 pair of leather gloves (being worn)
  G - a blessed +1 pair of high boots (being worn)
  k - a blessed rusty +1 orcish shield (being worn)
  S - a blessed +4 dwarvish cloak (being worn)
  b - a +0 robe
 Comestibles  ('%')
  e - a clove of garlic
  p - a cream pie
  U - 2 lembas wafers
  i - a pear
  f - a sprig of wolfsbane
 Scrolls  ('?')
  s - a blessed scroll of create monster
  M - a scroll of enchant weapon
  K - a scroll of food detection
  C - a scroll of magic mapping
  h - a blessed scroll of remove curse
  E - 3 scrolls of teleportation
 Potions  ('!')
  z - a cursed potion of booze
  j - a cursed potion of full healing
  A - 2 potions of levitation
  d - 2 potions of holy water
 Wands    ('/')
  I - a wand of lightning (0:8)
  Q - a wand of striking named empty (0:0)
 Tools    ('(')
  o - a blindfold
  r - a lock pick
  B - a lock pick
  t - a mirror
  J - a +0 pick-axe
  c - a tallow candle
  Y - a tin whistle
  m - a towel
  w - a +0 unicorn horn
 Gems/Stones  ('*')
  O - a worthless piece of black glass named soft

Eymerich the Priest's attributes:

Background:
 You were an Adept, a level 8 elven Priest.
 You were chaotic, on a mission for Huan Ti
 who was opposed by Shan Lai Ching (lawful) and Chih Sung-tzu (neutral).
 You were left-handed.
 You were in the Dungeons of Doom, on level 9.
 You entered the dungeon 9930 turns ago.
 You had 1459 experience points, 1101 more were needed to attain level 9.

Basics:
 You had 0 out of 60 hit points.
 You had all 99 energy points (spell power).
 Your armor class was -1.
 Your wallet contained 282 zorkmids.
 Autopickup was off.

Final Characteristics:
 Your strength was 15 (limit:18).
 Your dexterity was 14 (limit:18).
 Your constitution was 16 (limit:16).
 Your intelligence was 13 (limit:20).
 Your wisdom was 16 (limit:20).
 Your charisma was 10 (limit:18).

Final Status:
 You turned into stone.
 You weren't hungry.
 You were unencumbered.
 You were wielding a mace.
 You had expert skill with mace.

Final Attributes:
 You were piously aligned.
 Your items were somewhat protected from fire.
 Your items were somewhat protected from cold.
 You were sleep resistant.
 You were poison resistant.
 You were telepathic.
 You were clairvoyant.
 You had infravision.
 You were warded.
 You are dead.

Miscellaneous:
 You didn't encounter any bones levels.
 Total elapsed playing time was 2 hours, 27 minutes and 58 seconds.

Major events:
 Turn
    1: Eymerich the chaotic elven Priest entered the dungeon
 1506: attained the rank of Acolyte (level 3)
 2338: entered the Gnomish Mines
 4299: attained the rank of Adept (level 6)
 9930: petrified by a cockatrice

Spells:
 Name                 Level Category     Fail Retention
 protection             1   clerical      90%   51%-60%
 cure blindness         2   healing      100%   51%-75%

Skills:
 Fighting Skills
   bare handed combat [Unskilled]
 Weapon Skills
   club               [Unskilled]
   mace               [Expert]
   morning star       [Unskilled]
   flail              [Unskilled]
   hammer             [Unskilled]
   quarterstaff       [Unskilled]
   polearms           [Unskilled]
   spear              [Unskilled]
   trident            [Unskilled]
   lance              [Unskilled]
   bow                [Unskilled]
   sling              [Unskilled]
   crossbow           [Unskilled]
   dart               [Unskilled]
   shuriken           [Unskilled]
   boomerang          [Unskilled]
   unicorn horn       [Unskilled]
 Spellcasting Skills
   healing spells     [Unskilled]
   divination spells  [Unskilled]
   clerical spells    [Basic]

Voluntary challenges:
 Character rerolling was not enabled.
 You were illiterate.
 You never genocided any monsters.
 You never polymorphed an object.
 You never changed form.
 You used no wishes.
Achievements:
 You entered a shop.
 You attained the rank of Acolyte.
 You entered the Gnomish Mines.
 You attained the rank of Adept.
 You entered a temple.

 The Dungeons of Doom: levels 1 to 9
    Level 1:
       An altar, a fountain.
    Level 2: "vault, locked chest"
       An armor shop.
    Level 3:
       An armor shop, a fountain.
    Level 4: "2 x locked box"
       An armor shop, a fountain.
       Stairs down to The Gnomish Mines.
    Level 5: "chest 5 cursed items, locked chest, locked box"
       A fountain.
    Level 6:
       Many fountains.
       Oracle of Delphi.
    Level 7:
       Many fountains, a sink.
    Level 8:
    Level 9: <- You were here.
       A temple and an altar to Huan Ti, a sink.
       Final resting place for
          you, petrified by a cockatrice.
 The Gnomish Mines: levels 5 to 6
    Level 5:
    Level 6:


Vanquished creatures:
  a small mimic
  a tengu
 an ettin zombie
  a quivering blob
  a horse
  2 vampire bats
  2 orc mummies
 an ogre
  a brown pudding
  a rust monster
  a yeti
  2 gold golems
  a dingo
  a gray unicorn
  2 snakes
  5 apes
  a quasit
  a wood nymph
  2 water nymphs
  8 Mordor orcs
  6 rock piercers
  4 fog clouds
  3 yellow lights
  6 shriekers
  3 gnome leaders
  a gnomish wizard
  a kobold mummy
  a gray ooze
  3 elf zombies
  a straw golem
  7 giant ants
  a floating eye
  a kitten
  5 dwarves
  a homunculus
  a kobold leader
  a kobold shaman
  6 hill orcs
  5 rothes
  a rabid rat
  2 dwarf zombies
  a werejackal
  3 iguanas
  6 killer bees
  2 hobbits
  9 manes
  a hobgoblin
  2 giant rats
  5 cave spiders
  a brown mold
  a yellow mold
 17 gnomes
  2 gnome zombies
  3 geckos
  6 jackals
  a fox
  2 kobolds
  3 goblins
 15 grid bugs
  2 bats
  6 lichens
  a kobold zombie
  4 newts
189 creatures vanquished.

No species were genocided or became extinct.

Game over:
                       ----------
                      /          \
                     /    REST    \
                    /      IN      \
                   /     PEACE      \
                  /                  \
                  |     Eymerich     |
                  |      282 Au      |
                  |  petrified by a  |
                  |    cockatrice    |
                  |                  |
                  |                  |
                  |       2026       |
                 *|     *  *  *      | *
        _________)/\\_//(\/(/\)/\//\/|_)_______

Goodbye Eymerich the Priest...

You turned to stone in The Dungeons of Doom on dungeon level 9 with 6490 points,
and 282 pieces of gold, after 9930 moves.
You were level 8 with a maximum of 60 hit points when you turned to stone.

